 Dungeon Crawl Stone Soup version 0.22.1-1-ga44c0e56f4 (webtiles) character file.

210 Nygeryga the Cudgeler (level 5, -3/50 HPs)
             Began as a Minotaur Berserker on Oct 22, 2018.
             Was a Priest of Trog.
             Slain by Chidaruma's ghost (10 damage)
             ... on level 3 of the Dungeon on Oct 30, 2018.
             The game lasted 00:12:27 (2342 turns).

Nygeryga the Cudgeler (Minotaur Berserker)          Turns: 2342, Time: 00:12:27

Health: -3/50      AC: 11    Str: 23    XL:     5   Next: 57%
Magic:  4/4        EV:  7    Int:  4    God:    Trog [***...]
Gold:   162        SH:  0    Dex:  9    Spells: 4/4 levels left

rFire    + . .     SeeInvis .   a - +0 mace
rCold    x . .     Gourm    .   (no shield)
rNeg     . . .     Faith    .   k - +0 plate armour
rPois    .         Spirit   .   (helmet restricted)
rElec    .         Reflect  .   (no cloak)
rCorr    .         Harm     .   (no gloves)
MR       +++..                  (no boots)
Stlth    ..........             e - amulet of rage
HPRegen  1.16/turn              q - ring of protection from magic
MPRegen  0.09/turn              u - ring of fire

@: berserk cooldown, regenerating, slowed, very slow
A: retaliatory headbutt, horns 2
a: Berserk, Trog's Hand, Renounce Religion, Evoke Berserk Rage


You were on level 3 of the Dungeon.
You worshipped Trog.
Trog was most pleased with you.
You were not hungry.

You visited 1 branch of the dungeon, and saw 3 of its levels.

You collected 162 gold pieces.

Inventory:

Hand Weapons
 a - a +0 mace (weapon)
 s - a +0 flail of draining
Armour
 b - a +0 animal skin
 f - a +0 chain mail
 k - a +0 plate armour (worn)
Jewellery
 e - an amulet of rage (around neck)
 q - a ring of protection from magic (left hand)
 u - a ring of fire (right hand)
Wands
 n - a wand of random effects (25)
Scrolls
 g - a scroll of blinking {unknown}
 h - 3 scrolls of teleportation {unknown}
 i - a scroll of enchant weapon {unknown}
 l - 3 scrolls of identify {unknown}
 m - a scroll of random uselessness {unknown}
 p - 3 scrolls of remove curse {unknown}
 r - a scroll of immolation {unknown}
Potions
 d - a potion of magic {unknown}
 j - a potion of heal wounds {unknown}
 o - a potion of mutation {unknown}
 t - a potion of degeneration {unknown}
Comestibles
 c - 7 rations
 v - 9 chunks of flesh


   Skills:
 + Level 6.0 Fighting
 + Level 6.0 Maces & Flails
 - Level 2.4 Armour
 - Level 2.1 Dodging


You had 4 spell levels left.
You didn't know any spells.
Your spell library was empty.

Dungeon Overview and Level Annotations

Branches:
Dungeon (3/15)

Altars:
Gozag
Kikubaaqudgha
Okawaru

Annotations:
D:3 1 runed door, Chidaruma's ghost, weakling DsGl


Innate Abilities, Weirdness & Mutations

You reflexively headbutt those who attack you in melee.
You have a pair of horns on your head.


Message History

You hit Chidaruma's ghost. Your headbutt misses Chidaruma's ghost.
Chidaruma's ghost is heavily damaged.
You feel sick.
Chidaruma's ghost hits you but does no damage.
Chidaruma's ghost barely misses you.
You closely miss Chidaruma's ghost.
Chidaruma's ghost is heavily damaged.
Chidaruma's ghost hits you but does no damage.
You hit Chidaruma's ghost.
Chidaruma's ghost is severely damaged.
You feel sick.
You are no longer poisoned.
Chidaruma's ghost hits you.
* * * LOW HITPOINT WARNING * * *
Chidaruma's ghost mumbles, "They all look like pillowcases to me..."
Chidaruma's ghost barely misses you.
Your skin crawls.
You feel resistant to hostile enchantments.
You feel somewhat more hungry. Chidaruma's ghost hits you!
You die...

...## ###....# #.#
#...# #.. .#.##
#...#### #.# #...#
#.. ##..###.### #.#
#...# ##. #.......#
##.# #...####)
#.#.[..## #####..#
#........
..####.#####..##.##
####..... ###
###.⌠.##.##.#
#.....
##.#.#.#.##.#
#.....
#%..#..KK##@#
#.....
#......'W.#W#
#.....
#...#..KK.KK#
#.....
##.#.#[#K##.#
###### ##.⌠.##.##.#
#####.....# #######


You could see a big kobold, Chidaruma's ghost and a kobold.

Vanquished Creatures
  Jessica (D:2)
  Robin (D:3)
  6 adders
  A worm (D:3)
  3 dart slugs
  4 leopard geckos
  10 orcs (D:3)
  5 giant cockroaches
  18 goblins
  9 hobgoblins
  3 jackals (D:2)
  2 ball pythons
  8 bats
  6 frilled lizards
  11 kobolds
  7 rats
  A rat zombie (D:3)
96 creatures vanquished.

Notes
Turn   | Place    | Note
-------+----------+-------------------------------------------
     0 | D:1      | Nygeryga the Minotaur Berserker began the quest for the
                  | Orb.
     0 | D:1      | Reached XP level 1. HP: 19/19 MP: 0/0
   191 | D:1      | Reached XP level 2. HP: 27/27 MP: 1/1
   851 | D:2      | Reached XP level 3. HP: 34/34 MP: 2/2
   869 | D:2      | Noticed Jessica
   871 | D:2      | Found an iron altar of Okawaru.
   873 | D:2      | Killed Jessica
   873 | D:2      | Reached ** piety under Trog
  1088 | D:2      | Reached skill level 5 in Maces & Flails
  1088 | D:2      | Reached XP level 4. HP: 35/41 MP: 3/3
  1181 | D:2      | Reached skill level 5 in Fighting
  1547 | D:3      | Found an opulent altar of Gozag.
  1595 | D:3      | Reached XP level 5. HP: 48/48 MP: 4/4
  1684 | D:3      | Reached *** piety under Trog
  1705 | D:3      | Noticed Robin
  1726 | D:3      | Killed Robin
  2068 | D:3      | Found a runed door.
  2114 | D:3      | Found a runed gate.
  2115 | D:3      | Found a runed gate.
  2115 | D:3      | Found a runed gate.
  2117 | D:3      | Noticed Chidaruma's ghost (weakling DsGl)
  2174 | D:3      | Found an ancient bone altar of Kikubaaqudgha.
  2342 | D:3      | Slain by Chidaruma's ghost

Skill      XL: |  1  2  3  4  5 |
---------------+----------------+-----
Fighting       | 4 5 6 |  6.0
Maces & Flails | 4 5 6 |  6.0
Armour         | |  2.4
Dodging        | |  2.1

Action                   |  1- 3 |  4- 6 || total
-------------------------+-------+-------++-------
Melee: Mace              |    78 |   142 ||   220
       Headbutt          |    11 |    19 ||    30
Invok: Berserk           |       |     2 ||     2
       Trog's Hand       |       |     1 ||     1
 Stab: Distracted        |       |     1 ||     1
  Eat: Chunk             |       |     4 ||     4
       Ration            |       |     1 ||     1
Armor: Chain mail        |    21 |       ||    21
       Plate armour      |    29 |    83 ||   112
Dodge: Dodged            |    40 |    66 ||   106
